Map: [ESL] Hecate

Players

MeomaikA - Winner!

  • Race: Zerg Zerg
  • Spawn Location: 1:00

Coffee

  • Race: Terran Terran
  • Spawn Location: 7:00

Event: ESL SC2 Masters 2023 Winter (Regional)

VOD

Have the link to the VOD?

Description

Time

  • Played on: Nov. 11, 2023, 7:23 a.m.
  • Length: 6:24

All games in this series

Show
View Real Time Build Order
Export as new Build Order

MeomaikA Zerg - Winner!

Build Orders: Pool First 

Get SALT Encoding   

  12  0:00  Drone  
  13  0:12  Overlord  
  13  0:16  Drone  
  14  0:30  Drone x2  
  14  0:35  Drone  
  17  0:44  Spawning Pool  
  17  0:46  Drone  
  17  1:07  Hatchery  
  17  1:10  Drone  
  17  1:11  Extractor  
  17  1:14  Drone  
  17  1:30  Zergling x4  
  17  1:31  Queen  
  21  1:38  Drone  
  22  1:49  Overlord  
  22  2:06  Queen  
  22  2:07  Drone  
  25  2:12  Metabolic Boost  
  25  2:13  Drone  
  26  2:19  Drone  
  27  2:23  Drone  
  28  2:31  Drone  
  28  2:32  Drone  
  30  2:38  Drone  
  30  2:39  Drone  
  30  2:40  Drone  
  30  2:41  Drone  
  33  2:52  Hatchery  
  33  2:54  Drone  
  33  2:56  Drone  
  33  2:58  Drone  
  33  3:05  Overlord  
  34  3:10  Lair  
  34  3:14  Extractor  
  34  3:15  Zergling x4  
  34  3:17  Zergling x2  
  36  3:21  Overlord  
  36  3:25  Drone x2  
  38  3:28  Drone x2  
  38  3:33  Drone x2  
  42  3:39  Drone  
  43  3:43  Drone  
  43  3:47  Overlord  
  44  3:53  Overlord  
  44  3:58  Drone x2, Overlord  
  44  4:02  Zergling x4  
  48  4:05  Zergling x2  
  48  4:09  Hydralisk Den  
  48  4:10  Zergling x4, Overlord  
  48  4:15  Queen  
  52  4:24  Zergling x10  
  53  4:26  Zergling x4  
  53  4:28  Zergling x2  
  58  4:39  Hydralisk x3  
  58  4:41  Muscular Augments  
  58  4:45  Hydralisk  
  66  4:48  Hydralisk  
  66  4:50  Hydralisk  
  69  4:57  Hydralisk  
  71  5:00  Drone x3  
  71  5:05  Hydralisk  
  71  5:06  Zergling x4  
  77  5:09  Zergling x2  
  77  5:10  Zergling x2  
  78  5:20  Zergling x2  
  78  5:21  Zergling x8  
  76  5:22  Zergling x2  
  76  5:28  Drone x3  
  75  5:30  Overseer  
  75  5:31  Hydralisk  
  75  5:33  Hydralisk  
  75  5:35  Zergling x2  
  81  5:38  Overlord  
  81  5:45  Hydralisk  
  81  5:55  Zergling x4  
  80  5:57  Zergling x6  
  80  5:58  Zergling x4  
  80  6:00  Zergling x2  
  80  6:03  Zergling x2  
  82  6:07  Zergling x2  
  82  6:09  Drone  
Show
View Real Time Build Order
Export as new Build Order

Coffee Terran 

Build Orders: Reaper Expand 

Get SALT Encoding   

  12  0:00  SCV  
  13  0:12  SCV  
  14  0:16  Supply Depot  
  14  0:24  SCV  
  15  0:38  SCV  
  15  0:40  Barracks  
  15  0:42  Refinery  
  16  0:50  SCV  
  17  1:02  SCV  
  18  1:14  SCV  
  19  1:27  Orbital Command, Reaper  
  20  1:39  Command Center  
  20  1:48  Supply Depot  
  20  1:52  SCV  
  21  1:58  Marine  
  22  2:05  SCV  
  22  2:08  Factory  
  23  2:17  SCV  
  23  2:19  Barracks Reactor  
  24  2:23  Refinery  
  24  2:29  SCV  
  25  2:41  SCV  
  26  2:51  Orbital Command  
  26  2:53  SCV  
  26  2:55  Hellion  
  29  2:59  Marine x2  
  29  3:00  Starport  
  29  3:05  SCV  
  32  3:17  Marine x2  
  32  3:18  Hellion  
  32  3:19  Supply Depot, SCV  
  37  3:22  SCV  
  38  3:35  SCV, Marine x2  
  38  3:36  SCV  
  38  3:39  Hellion, Medivac  
  45  3:48  SCV  
  46  3:49  SCV  
  46  3:51  Supply Depot  
  47  4:00  SCV  
  47  4:01  Barracks Tech Lab, SCV  
  49  4:07  Hellion x2  
  53  4:12  SCV  
  53  4:13  Liberator, Armory, SCV  
  58  4:22  Supply Depot  
  58  4:24  SCV  
  58  4:25  Stimpack  
  58  4:28  Hellion  
  61  4:31  SCV  
  62  4:40  Supply Depot  
  62  4:44  Hellion, SCV x2  
  66  4:50  Hellion  
  68  4:53  Supply Depot  
  68  4:56  SCV  
  69  5:01  SCV  
  69  5:02  Liberator  
  69  5:06  Hellion  
  75  5:08  SCV  
  76  5:14  Command Center  
  73  5:28  Bunker, SCV  
  61  5:35  Factory Tech Lab  
  59  5:38  SCV  
  59  5:40  SCV  
  59  5:41  Barracks  
  59  5:42  Refinery, Engineering Bay x2  
  61  5:43  Refinery  
  61  5:44  Barracks  
  59  5:51  Marine  
  59  5:52  Starport Reactor  
  59  5:54  SCV  
  59  5:56  SCV  
  57  6:06  SCV  
Tags
 
Add a new tag
Caveats
  • Supply blocks, unpowered buildings, or Contaminate may cause inaccurate times.
  • Supply counts are checked every 10 seconds.